 Dungeon Crawl Stone Soup version 0.29-a0-284-gf9362112df (webtiles) character file.

Game seed: 13188814459456600965

119 GigaChad the Ducker (level 4, 0/34 HPs)
             Began as a Vampire Gladiator on Mar 30, 2022.
             Splashed by a jelly's acid (4 damage)
             ... on level 4 of the Dungeon.
             The game lasted 00:20:17 (2212 turns).

GigaChad the Ducker (Vampire Gladiator)             Turns: 2212, Time: 00:20:17

Health: 0/34       AC:  0    Str: 13    XL:     4   Next: 74%
Magic:  13/13      EV: 12    Int: 10    God:
Gold:   179        SH:  0    Dex: 17    Spells: 3/3 levels left

rFire   . . .      SeeInvis +   i - staff of cold
rCold   + . .      Faith    .   (no shield)
rNeg    . . .      Spirit   .   s - +0 ring mail
rPois   .          Reflect  .   c - +0 helmet
rElec   .          Harm     .   (no cloak)
rCorr   .          Rampage  .   (no gloves)
Will    .....                   n - +0 pair of boots
Stlth   +.........              (no amulet)
HPRegen 0.31/turn               j - ring of magical power
MPRegen 0.13/turn               (no ring)

@: corroded, healing quickly
A: alive, fangs 3, see invisible, vampiric 2
a: Exsanguinate


You were on level 4 of the Dungeon.
You visited 1 branch of the dungeon, and saw 4 of its levels.

You collected 179 gold pieces.

Inventory:

Hand Weapons
 a - a +0 war axe
 f - a +0 hand axe
 l - a +0 war axe
Missiles
 d - 2 throwing nets (quivered)
 e - a javelin
 t - 28 stones
Armour
 b - a +0 leather armour
 c - a +0 helmet (worn)
 n - a +0 pair of boots (worn)
 s - a +0 ring mail (worn)
Magical Staves
 i - a staff of cold (weapon)
Jewellery
 j - a ring of magical power (left hand)
Wands
 r - a wand of paralysis (10)
Scrolls
 g - a scroll of amnesia
 p - a scroll of fog
 q - a scroll of blinking
Potions
 h - 3 potions of berserk rage
 k - a potion of lignification {unknown}
 m - a potion of curing {unknown}
 o - a potion of degeneration {unknown}


   Skills:
 + Level 2.3 Fighting
 + Level 3.0 Axes
 + Level 1.4 Staves
 + Level 1.6 Throwing
 + Level 1.0 Armour
 + Level 4.5 Dodging
 + Level 1.3 Stealth


You had 3 spell levels left.
You didn't know any spells.
Your spell library contained the following spells:

 Spells                   Type           Power      Damage    Failure   Level
 Dazzling Flash           Conj/Hex       0%         N/A       94%         3
 Iskenderun's Mystic Bla  Conj/Tloc      0%         2d3       100%        4
 Starburst                Conj/Fire      0%         6d3       100%        6


Dungeon Overview and Level Annotations

Branches:
Dungeon (4/15)
 Temple: D:4-7

Altars:
Dithmenos


Innate Abilities, Weirdness & Mutations

Your natural rate of healing is accelerated.
You have razor-sharp teeth.
You have supernaturally acute eyesight. (SInv)
You are afflicted with vampirism and can become a bat while bloodless.


Message History

The worm closely misses you.
You barely miss the worm.
The worm is heavily wounded.
The worm misses you.
You hit the worm.
The worm is severely wounded.
You hit the worm.
The worm is almost dead.
The worm misses you.
You hit the worm.
You kill the worm!
Things that are here:
a worm corpse; a hound corpse
Things that are here:
a worm corpse; a hound corpse
There is a shadowy altar of Dithmenos here.
No target in view!
You're already wearing that ring!
Things that are here:
a worm corpse; a hound corpse
Found a book of Spectacle.
You pick up a book of Spectacle and begin reading...
You add the spells Dazzling Flash, Iskenderun's Mystic Blast and Starburst to your library.
There are no items here.
There are no items here.
Found a ring mail.
You see here a +0 ring mail.
A jelly comes into view.
The jelly quivers.
The jelly barely misses you.
You hit the jelly. The acid corrodes you!
Your hands burn!
You bite the jelly, but do no damage.
The jelly is lightly wounded.
The jelly hits you. The acid corrodes you!
You are splashed with acid!
The jelly hits you.
You are splashed with acid!
The jelly attacks as you move away! The jelly hits you.
You are splashed with acid!
* * * LOW HITPOINT WARNING * * *
You hit the jelly but do no damage.
Your hands burn!
You die...

#.##..≈≈≈≈..≈....#
......≈....≈§....#
#.##.............#
#.##....[........#
#.#####..##..#.#.#
#.# ##.###.#.#.#
#.# ##.###.#.#.#
#J#####...##.#....
#@......#....#.#.#
#######...####.#..
##...... ###
######


You could see a jelly.

Vanquished Creatures
  A hound (D:4)
  4 adders
  A dart slug (D:2)
  3 worms
  7 endoplasms
  A giant cockroach (D:4)
  3 goblins
  5 hobgoblins
  2 quokkas
  A ball python (D:1)
  4 bats
  5 frilled lizards
  2 kobolds
  7 rats
46 creatures vanquished.

Notes
Turn   | Place    | Note
-------+----------+-------------------------------------------
     0 | D:1      | GigaChad the Vampire Gladiator began the quest for the Orb.
     0 | D:1      | Reached XP level 1. HP: 16/16 MP: 1/1
   191 | D:1      | Reached XP level 2. HP: 22/22 MP: 2/2
   301 | D:1      | You fall into a shaft and drop 1 floor!
   844 | D:2      | Reached skill level 4 in Dodging
   844 | D:2      | Gained mutation: You are afflicted with vampirism and can
                  | become a bat while bloodless. [Vampire growth]
   844 | D:2      | Reached XP level 3. HP: 27/27 MP: 3/3
  1295 | D:3      | Reached skill level 1 in Stealth
  1542 | D:3      | Reached skill level 1 in Staves
  1542 | D:3      | Reached XP level 4. HP: 31/33 MP: 4/4
  2083 | D:4      | Found a shadowy altar of Dithmenos.
  2126 | D:4      | Reached skill level 1 in Armour
  2212 | D:4      | Splashed by a jelly's acid

Illustrated notes

Levels and vault maps discovered:
D:1:      dpeg_arrival_subterranean_lakeside_camping, layout_basic,
          ebering_ecumenical_altar_rust
D:2:      layout_loops_ring
D:3:      layout_loops_ring, st_stairs_7
D:4:      layout_loops_ring, nicolae_qazlal_general_emergency,
          yredelemnul_forgotten_temple_becter,
          grunt_dithmenos_smoke_and_mirrors, temple_hall

Skill      XL: |  1  2  3  4 |
---------------+-------------+-----
Fighting       | 2 |  2.3
Axes           | 3 |  3.0
Dodging        | 4 |  4.5
Stealth        | 1 |  1.3
Staves         | 1 |  1.4
Armour         | 1 |  1.0
Throwing       | |  1.6

Action                   |  1- 3 |  4- 6 || total
-------------------------+-------+-------++-------
Melee: War axe           |    20 |       ||    20
       Punch             |     2 |       ||     2
       Staff             |   123 |    80 ||   203
       Bite              |    15 |     8 ||    23
Throw: Throwing net      |       |     1 ||     1
Evoke: Wand              |       |     1 ||     1
  Use: Scroll            |     4 |     1 ||     5
 Stab: Distracted        |     1 |       ||     1
       Sleeping          |     1 |       ||     1
Armor: Leather armour    |    72 |     7 ||    79
       Ring mail         |       |    20 ||    20
Dodge: Dodged            |   173 |    59 ||   232

Table legend: (Time is in decaauts)
 A = Elapsed time spent in this place.
 B = Non-inter-level travel time spent in this place.
 C = Inter-level travel time spent in this place.
 D = Time resting spent in this place.
 E = Time spent auto-exploring this place.
 F = Levels seen in this place.
 G = Mean time per level.
                   A        B        C        D        E       F      G
               +--------+--------+--------+--------+--------+-----+--------+
         Total |   2252 |   2205 |     47 |      0 |      0 |   4 |  563.0 |
       Dungeon |   2252 |   2205 |     47 |      0 |      0 |   4 |  563.0 |
               +--------+--------+--------+--------+--------+-----+--------+

Top non-repeatable levels by time:
     D:2: 853 daAuts
     D:3: 783 daAuts
     D:1: 309 daAuts
     D:4: 305 daAuts
